cohdb
Replays
Latest Replays
All Replays
Popular Replays
Top Player Replays
Match Explorer
How It Works
Community
CoH3 Stats
Reddit
Sign in to upload your games and track your stats! →
Sign in with Steam
Match 42094328
Unlisted
Match 42094328
Overview
Messages
Build Orders
End
Kettenkrad Recon Vehicle
Construct Infanterie Kompanie
Grenadier Squad
Grenadier Squad
Grenadier Squad
Selects Mechanized Battlegroup
Construct Luftwaffe Kompanie
Jäger Squad
Selects Raid Package
Infanterie Officer Quarters
Medical Bunker
Jäger Squad
Selects StuG Assault Group
StuG Assault Group
Selects Spotting Scopes
Construct Panzer Kompanie
Stoßtruppen Squad
Panzer IV Medium Tank
Selects Wespe Self-propelled Artillery
Grenadier Squad
Pioneer Squad
Selects UNKNOWN (2160084)
Panther Heavy Tank
Selects Zeroing Artillery Barrage
Panzer IV Medium Tank
Zeroing Artillery Barrage
Panzer Officer Quarters
Jäger Squad
Panther Heavy Tank
Panther Heavy Tank
Ober
BIOHAZARD
0
0
Comments
sign in to comment!
No comments posted yet!